 Dungeon Crawl Stone Soup version 0.30.1-11-g7821555f0a (webtiles) character file.

Game seed: 15369773884801383676

2559 Marvel the Cleaver (level 9, -2/79 HPs)
             Began as a Hill Orc Fighter on Dec 19, 2023.
             Was a Priest of Trog.
             Slain by an orc warrior
             ... wielding a +0 trident
              (8 damage)
             ... on level 7 of the Dungeon.
             The game lasted 00:09:25 (4803 turns).

Marvel the Cleaver (Hill Orc Fighter)               Turns: 4803, Time: 00:09:26

Health: -2/79      AC: 16    Str: 21    XL:     9   Next: 56%
Magic:  9/9        EV:  6    Int:  8    God:    Trog [***...]
Gold:   255        SH:  0    Dex: 12    Spells: 8/8 levels left

rFire   . . .        F - +4 battleaxe (freeze)
rCold   . . .        (shield currently unavailable)
rNeg    . . .        n - +0 plate armour
rPois   .            (no helmet)
rElec   .            (no cloak)
rCorr   .            t - +2 pair of gloves {hurl}
SInv    .            (no boots)
Will    .....        B - amulet of faith Stlth
                     o - +4 ring of slaying
HPRegen 0.33/turn    (no ring)
MPRegen 0.11/turn

%: faith
@: flying
A: no striking features
a: Renounce Religion, Convert to Beogh, Berserk, Trog's Hand


You were on level 7 of the Dungeon.
You worshipped Trog.
Trog was most pleased with you.
You visited 1 branch of the dungeon, and saw 7 of its levels.

You collected 255 gold pieces.

Inventory:

Hand Weapons
 a - a +0 war axe
 m - a +0 dagger of venom
 F - a +4 battleaxe of freezing (weapon)
Missiles
 h - 21 poisoned darts (quivered)
Armour
 b - a +0 scale mail
 c - a +0 buckler
 n - a +0 plate armour (worn)
 t - a +2 pair of gloves of hurling (worn)
Jewellery
 o - a +4 ring of slaying (left hand)
 B - an amulet of faith (around neck)
 C - a +6 ring of dexterity
Wands
 D - a wand of light (4)
Scrolls
 e - 8 scrolls of identify {unknown}
 g - 2 scrolls of fear {unknown}
 i - a scroll of enchant armour {unknown}
 k - 2 scrolls of summoning {unknown}
 q - 2 scrolls of magic mapping {unknown}
 r - 2 scrolls of amnesia {unknown}
 u - a scroll of teleportation {unknown}
 x - a scroll of brand weapon {unknown}
 y - a scroll of acquirement {unknown}
 z - a scroll of silence {unknown}
 A - a scroll of enchant weapon {unknown}
Potions
 d - 2 potions of might
 f - a potion of degeneration
 j - a potion of curing
 l - a potion of flight
 p - 2 potions of resistance {unknown}
 s - 2 potions of attraction {unknown}
 v - a potion of haste {unknown}
 w - a potion of heal wounds {unknown}


   Skills:
 + Level 7.3 Fighting
 + Level 12.0 Axes
 + Level 1.0 Throwing
 + Level 7.3 Armour
 - Level 0.1 Dodging
 + Level 5.0 Shields


You had 8 spell levels left.
You didn't know any spells.
Your spell library contained the following spells:

 Spells                   Type           Power      Damage    Failure   Level
 Summon Small Mammal      Summ           0%         N/A       100%        1
 Call Canine Familiar     Summ           0%         N/A       100%        3
 Summon Guardian Golem    Hex/Summ       0%         N/A       100%        3


Dungeon Overview and Level Annotations

Branches:
Dungeon (8/15)             Temple (0/1) D:5
   Lair: D:8-11

Altars:
Hepliaklqana
Kikubaaqudgha
Qazlal
Ru
Trog
Vehumet
The Shining One

Shops:
D:4 :


Message History

The sky beast hits you but does no damage.
You slice the sky beast!! You freeze the sky beast.
You kill the sky beast!
Trog accepts your kill. The killer bee stings you.
The orc warrior barely misses you.
Your Axes skill increases to level 12!
Your Shields skill increases to level 5!
You completely miss the killer bee. The killer bee stings you.
The killer bee stings you but does no damage.
The orc priest calls down the wrath of Beogh upon you.
Beogh smites you!
The orc warrior hits you from afar with a +0 trident.
The killer bee barely misses you.
You miss the killer bee. The killer bee stings you!
You are poisoned.
The killer bee poisons you!
A wight comes into view. It is wielding a +0 scimitar.
The orc warrior hits you from afar with a +0 trident!
* * * LOW HITPOINT WARNING * * *
The killer bee stings you but does no damage.
You feel better. The killer bee stings you.
The orc warrior hits you but does no damage.
The killer bee stings you but does no damage.
As you read the scroll labelled WAESUELAQA, it crumbles to dust.
You hear a loud clanging noise!
It was a scroll of noise.
You hear an angry buzzing noise. x2; You hear a shout!
The killer bee stings you.
The orc priest calls down the wrath of Beogh upon you.
Beogh smites you!
* * * LOW HITPOINT WARNING * * *
The orc warrior hits you from afar with a +0 trident.
* * * LOW HITPOINT WARNING * * *
The killer bee stings you but does no damage.
It was a potion of flight.
You feel very buoyant.
You fly up into the air.
The killer bee stings you!
* * * LOW HITPOINT WARNING * * *
The orc warrior hits you from afar with a +0 trident!
You die... ............. ........... ......... ...szzz .yozz yoo

#y# .......
#@# ....5..
...######.#
....5..
.......ยง#.#
.....oo ##.##
#...# ...../.
..... #.###
......o
..#.......#.#
#....
..#.......#.#
#....
#.^..._...^.#
#....
#.#.......#.#
#....


You could see an orc warrior, a scorpion, 3 killer bees, 5 wights, an orc priest
and an orc.

Vanquished Creatures
  Pikel (D:7)
  A steam dragon (D:7)
  A wyvern (D:8)
  3 yaks (D:8)
  2 orc warriors (D:8)
  2 sky beasts (D:7)
  2 ogres (D:5)
  A centaur (D:7)
  A kobold brigand (D:8)
  4 wights (D:7)
  2 hounds
  3 orc priests
  3 iguanas
  6 orc wizards
  4 adders
  A worm (D:3)
  15 orcs
  10 bats
  8 endoplasms
  3 giant cockroaches
  7 goblins
  3 hobgoblins
  12 jackals
  10 kobolds
  5 quokkas
  7 ball pythons
  2 frilled lizards
  2 rats
121 creatures vanquished.

Notes
Turn   | Place    | Note
-------+----------+-------------------------------------------
     0 | D:1      | Marvel the Hill Orc Fighter began the quest for the Orb.
     0 | D:1      | Reached XP level 1. HP: 19/19 MP: 1/1
   198 | D:1      | Reached XP level 2. HP: 26/27 MP: 2/2
   421 | D:1      | Reached skill level 3 in Axes
   714 | D:1      | Reached XP level 3. HP: 33/33 MP: 3/3
  1215 | D:2      | Reached skill level 4 in Axes
  1284 | D:2      | Reached XP level 4. HP: 40/40 MP: 4/4
  1360 | D:2      | Found a faded altar of an unknown god.
  1563 | D:2      | Prayed at the altar of an unknown god.
  1563 | D:2      | Became a worshipper of Trog the Wrathful
  1563 | D:2      | Reached * piety under Trog
  1803 | D:3      | Found an ancient bone altar of Kikubaaqudgha.
  2528 | D:4      | Found Quajamio's Tiny Tomes.
  2550 | D:4      | Reached ** piety under Trog
  2551 | D:4      | Reached skill level 5 in Axes
  2551 | D:4      | Reached XP level 5. HP: 45/47 MP: 5/5
  3094 | D:5      | Entered Level 5 of the Dungeon
  3128 | D:5      | Found a glowing golden altar of the Shining One.
  3160 | D:5      | Noticed an ogre
  3168 | D:5      | Killed an ogre
  3169 | D:5      | Reached skill level 6 in Axes
  3169 | D:5      | Reached XP level 6. HP: 53/53 MP: 6/6
  3299 | D:5      | Found a radiant altar of Vehumet.
  3331 | D:5      | Found a staircase to the Ecumenical Temple.
  3367 | D:5      | Reached skill level 5 in Fighting
  3369 | D:5      | Reached XP level 7. HP: 61/61 MP: 7/7
  3373 | D:5      | Reached skill level 7 in Axes
  3477 | D:5      | You fall into a shaft and drop 2 floors!
  3506 | D:8      | Reached skill level 5 in Armour
  3701 | D:8      | Identified the +12 spear "Mypu" {drain, Will+ Str+2}
  3794 | D:8      | Noticed a yak
  3794 | D:8      | Noticed a yak
  3794 | D:8      | Noticed a yak
  3811 | D:8      | Killed a yak
  3812 | D:8      | Reached skill level 8 in Axes
  3819 | D:8      | Killed a yak
  3820 | D:8      | Reached XP level 8. HP: 53/69 MP: 8/8
  3826 | D:8      | Killed a yak
  3827 | D:8      | Reached skill level 9 in Axes
  3974 | D:8      | Found a sacrificial altar of Ru.
  4105 | D:8      | Noticed a wyvern
  4111 | D:8      | Killed a wyvern
  4111 | D:8      | Reached *** piety under Trog
  4112 | D:8      | Reached skill level 10 in Axes
  4190 | D:8      | Reached skill level 1 in Throwing
  4306 | D:8      | Found a hazy altar of Hepliaklqana.
  4616 | D:7      | Reached XP level 9. HP: 41/74 MP: 9/9
  4714 | D:7      | Reached skill level 11 in Axes
  4770 | D:7      | Found a stormy altar of Qazlal.
  4787 | D:7      | Noticed Pikel
  4795 | D:7      | Killed Pikel
  4799 | D:7      | Reached skill level 12 in Axes
  4799 | D:7      | Reached skill level 5 in Shields
  4803 | D:7      | Slain by an orc warrior

Illustrated notes

Levels and vault maps discovered:
D:1:      ncdulo_wetmaze, layout_basic, chequers_serial_rivers_large_b,
          hangedman_abyss_or_decor_stabs
D:2:      layout_basic, shapermc_ecumenical_altar_ellora
D:3:      layout_basic, nicolae_overflow_crystal_walls, minmay_misc_feat_tower
D:4:      layout_loops_ring, nicolae_shop_i_like_small_books_too
D:5:      layout_cave_pools, mainiacjoe_overflow_alcove_4,
          nicolae_vehumet_radiance, minmay_temple_entry_junction_2,
          nicolae_ossuary_entry_catacombs, hangedman_decor_clover_reticule,
          minmay_diced_spiral
D:7:      layout_gridville, lemuel_tele_altar, centaur_isle, uniq_pikel
D:8:      minmay_klotski, layout_loops_ring, worldfamousw_hep_ancestral_shrine,
          nicolae_ru_sacrificial_ziggurat, feat_on_display

Skill      XL: |  1  2  3  4  5  6  7  8  9 |
---------------+----------------------------+-----
Axes           | 3 4 5 6 8 10 12 | 12.0
Fighting       | 4 5 6 7 |  7.3
Armour         | 4 5 6 7 |  7.3
Shields        | 4 5 |  5.0
Throwing       | 1 |  1.0
Dodging        | |  0.1

Action                     |  1- 3 |  4- 6 |  7- 9 || total
---------------------------+-------+-------+-------++-------
  Melee: War axe           |    92 |   117 |    91 ||   300
         Battleaxe         |       |       |    14 ||    14
  Throw: Stone             |       |     2 |     6 ||     8
 Invoke: Berserk           |       |     2 |     3 ||     5
    Use: Potion            |       |       |     4 ||     4
         Scroll            |       |       |     2 ||     2
 Armour: Scale mail        |    51 |       |       ||    51
         Plate armour      |       |    62 |    55 ||   117
  Dodge: Dodged            |    52 |    25 |    23 ||   100
  Block: Buckler           |    15 |    29 |    21 ||    65
